 Dungeon Crawl Stone Soup version 0.13-a0-2301-g23820b6 (webtiles) character file.

7972 M4edhros the Covert (level 11, 0/71 HPs)
             Began as an Octopode Gladiator on July 7, 2013.
             Was a High Priest of Fedhas.
             Slain by a polar bear (4 damage)
             ... in an ice cave on July 8, 2013.
             The game lasted 00:47:03 (13246 turns).

M4edhros the Covert (Octopode Gladiator)           Turns: 13246, Time: 00:47:03

HP   0/71        AC  3     Str 15      XL: 11   Next: 20%
MP  13/23        EV 13     Int 14      God: Fedhas [*****.]
Gold 231         SH  0     Dex 15      Spells:  2 memorised,  8 levels left

Res.Fire  : . . .   See Invis. : .   e - +1,+0 elf trident
Res.Cold  : . . .   Warding    : .   (no shield)
Life Prot.: . . .   Conserve   : .   c - +2 cap
Res.Poison: .       Res.Corr.  : .   t - amulet of faith
Res.Elec. : .       Clarity    : .   j - ring of sustain abilities
Sust.Abil.: + .     Spirit.Shd : .   G - +3 ring of dexterity
Res.Mut.  : .       Stasis     : .   (no ring)
Res.Rott. : .       Flight     : .   (no ring)
Saprovore : . . .                    (no ring)
                                     (no ring)
                                     (no ring)
                                     (no ring)

@: somewhat resistant to hostile enchantments, extremely stealthy
A: almost no armour, amphibious, 8 rings, constrict 8, camouflage 1, AC +1
a: Evolution, Sunlight, Growth, Reproduction, Rain, Renounce Religion


You were in an ice cave.
You worshipped Fedhas.
Fedhas was exalted by your worship.
You were not hungry.

You visited 1 branch of the dungeon, and saw 12 of its levels.
You also visited: Sewer and Ice Cave.

You collected 541 gold pieces.
You spent 330 gold pieces at shops.

Inventory:

Hand weapons
 e - a +1,+0 elven trident (weapon)
 x - a +4,+4 sling of frost
 E - a +0 blowgun
Missiles
 d - 4 throwing nets (quivered)
 y - 26 stones
 D - 44 sling bullets
 F - 15 poisoned needles
Armour
 c - a +2 cap (worn)
Magical devices
 b - a wand of digging (3)
 m - a wand of polymorph (12)
 s - a wand of flame (12)
Comestibles
 h - a meat ration
 p - 3 pears
 W - a choko
Scrolls
 f - 5 scrolls of teleportation
 g - a scroll of remove curse
 q - a scroll of magic mapping
 v - a scroll of blinking
 N - 3 scrolls of identify
 X - 2 scrolls of enchant armour
Jewellery
 j - a ring of sustain abilities (left tentacle)
 t - an amulet of faith (around mantle)
 G - a +3 ring of dexterity (right tentacle)
Potions
 k - a potion of heal wounds
 A - 3 potions of curing
 B - a potion of magic
 Z - a potion of resistance
Books
 i - a book of Callings

   Spells                             Type                      Level
   Summon Small Mammal                Summoning                    1
   Call Imp                           Summoning                    2
   *Call Canine Familiar              Summoning                    3
   Summon Scorpions                   Summoning/Poison             4
   Summon Ice Beast                   Ice/Summoning                4
 l - a Young Poisoner's Handbook

   Spells                             Type                      Level
   Sting                              Conjuration/Poison           1
   Cure Poison                        Poison                       2
   Mephitic Cloud                     Conjuration/Poison/Air       3
   Olgreb's Toxic Radiance            Poison                       4
   Venom Bolt                         Conjuration/Poison           5
 w - a book of Burglary

   Spells                             Type                      Level
   Apportation                        Translocation                1
   *Swiftness                         Charms/Air                   2
   Passwall                           Transmutation/Earth          3
   Passage of Golubria                Translocation                4
   Lee's Rapid Deconstruction         Earth                        5
   Darkness                           Hexes                        7
 L - a book of Alchemy

   Spells                             Type                      Level
   Lethal Infusion                    Charms/Necromancy            2
   Sublimation of Blood               Necromancy                   2
   Condensation Shield                Ice                          4
   Alistair's Intoxication            Transmutation/Poison         4
   Petrify                            Transmutation/Earth          4
   Ignite Poison                      Fire/Transmutation           5
Miscellaneous
 a - a lamp of fire (inert)


   Skills:
 - Level 5.1 Fighting
 + Level 8.7 Polearms
 + Level 5.9 Slings
 - Level 2.0 Throwing
 - Level 3.0 Dodging
 + Level 11.3 Stealth
 + Level 1.7 Spellcasting
 + Level 1.6 Charms
 + Level 1.5 Summonings
 * Level 10.1 Invocations


You had 8 spell levels left.
You knew the following spells:

 Your Spells              Type           Power        Failure   Level  Hunger
a - Swiftness             Chrm/Air       #.........   30%         2    ###....
b - Call Canine Familiar  Summ           #.........   47%         3    ####...


Dungeon Overview and Level Annotations

Branches:
Dungeon (12/27)            Temple (0/1) D:6             Orc (0/4) D:7
   Lair: D:8-13

Altars:
Ashenzari
Elyvilon
Fedhas
Kikubaaqudgha
Makhleb
Nemelex Xobeh
Sif Muna
Yredelemnul
Zin
the Shining One

Shops:
D:4: / D:10: ?


Innate Abilities, Weirdness & Mutations

You cannot wear most types of armour.
You are amphibious.
You can wear up to eight rings at the same time.
You can use your tentacles to constrict many enemies at once.
Your skin changes colour to match your surroundings (Stlth).
Your rubbery body absorbs attacks (AC +1).


Message History

Drink which item? (? for menu, Esc to quit)
Okay, then.
Evoke which item? (* to show all) (? for menu, Esc to quit)
Okay, then.
Evoke which item? (* to show all) (? for menu, Esc to quit)
Okay, then.
Evoke which item? (* to show all) (? for menu, Esc to quit)
Zapping:
b - a wand of digging {zapped: 2}
Press: ? - help, Shift-Dir - straight line, p - oklob plant The rock shatters into small pieces.
A yak comes into view.
The wolf bites you!
* * * LOW HITPOINT WARNING * * *
The wolf bites you.
* * * LOW HITPOINT WARNING * * *
The polar bear bites you!
* * * LOW HITPOINT WARNING * * *
The polar bear closely misses you. The polar bear claws you.
You die...
Fedhas appreciates your contribution to the ecosystem. # #. ..#. ... #.Y #### ..# ... #.#h## ##@#.# #PUh#

###..##
##≈≈≈######
##≈≈≈≈$./..#
##≈≈#≈?.⌠./.#
#.h≈##.$.!.##
###..#######
#..##


You could see a polar bear (bleeding), a yak (wandering), 3 wolves and a
friendly oklob plant.

Vanquished Creatures
  Pikel (D:9)
  Maurice (D:9)
  4 ogres
  2 wyverns
  A wolf (D:9)
  An orc warrior (D:6)
  A phantom (D:8)
  3 centaurs
  A warg (D:7)
  12 big kobolds (D:11)
  Sigmund (D:5)
  4 giant frogs
  A human skeleton (D:8)
  3 wights
  A yak skeleton (D:9)
  8 crimson imps
  4 killer bees (D:9)
  A giant frog zombie (D:12)
  A spider (D:6)
  Dowan (D:7)
  7 orc priests
  4 hounds
  An iguana (D:4)
  A siren (Sewer)
  A giant frog skeleton (D:5)
  5 worker ants
  2 orc wizards
  5 scorpions
  2 mermaids (Sewer)
  Ijyb (D:6)
  2 hound skeletons
  2 green rats (Sewer)
  A gnoll (D:10)
  A giant centipede (D:10)
  7 giant mites
  10 adders
  3 worms
  3 adder skeletons
  An adder zombie (D:8)
  7 grey rats
  2 giant eyeballs
  5 giant geckos
  35 orcs
  5 giant cockroaches
  12 hobgoblins
  5 quokkas
  6 ball pythons
  19 bats
  3 giant newts
  10 goblins
  A hobgoblin skeleton (D:7)
  A hobgoblin zombie (D:7)
  4 jackals
  3 jackal skeletons
  24 kobolds
  A kobold skeleton (D:8)
  An orc skeleton (D:8)
  An orc zombie (D:8)
  22 rats
  A rat zombie (D:6)
279 creatures vanquished.

Vanquished Creatures (collateral kills)
  3 hill giants
  Eustachio (D:6)
  The ghost of throttle the Covered, an experienced DjFi of Okawaru (D:6)
  A wyvern (D:9)
  A wraith (D:8)
  3 orc warriors
  Grum (D:9)
  A hungry ghost (D:10)
  Edmund (D:8)
  3 human skeletons (D:8)
  2 wandering mushrooms
  A wolf (D:9)
  An ice beast (D:10)
  2 slaves (D:9)
  A black bear (D:8)
  2 elf skeletons (D:8)
  2 big kobolds (D:11)
  Duvessa (D:7)
  2 wargs (D:7)
  A gnoll sergeant (D:10)
  Blork the orc (D:6)
  A giant frog (D:9)
  A killer bee (D:9)
  2 wights (D:6)
  A yak skeleton (D:7)
  A troll skeleton (D:7)
  3 orc wizards (D:6)
  2 scorpions
  3 jellies
  2 worker ants
  An ogre skeleton (D:8)
  2 gnolls (D:10)
  2 adders (D:4)
  2 green rats (D:6)
  2 worms (D:4)
  An adder zombie (D:5)
  4 grey rats
  8 orcs
  A bat skeleton (D:5)
  A giant cockroach (Sewer)
  A hobgoblin (D:9)
  A jackal (D:6)
  A ball python (Sewer)
  2 bats
  2 kobolds (D:11)
  2 rats (Sewer)
  2 toadstools
83 creatures vanquished.

Vanquished Creatures (others)
  A necrophage (D:8)
  A giant frog (D:6)
  A killer bee (D:9)
  7 wandering mushrooms
  A killer bee zombie (D:10)
  A bat (D:6)
  A goblin (D:6)
  165 toadstools
178 creatures vanquished.

Grand Total: 540 creatures vanquished

Notes
Turn   | Place    | Note
--------------------------------------------------------------
     0 | D:1      | M4edhros, the Octopode Gladiator, began the quest for the Orb.
     0 | D:1      | Reached XP level 1. HP: 15/15 MP: 0/0
   175 | D:1      | Reached skill level 1 in Stealth
   294 | D:1      | Reached XP level 2. HP: 18/20 MP: 1/1
   780 | D:2      | Reached XP level 3. HP: 17/25 MP: 2/2
  1304 | D:3      | Found a basalt altar of Yredelemnul.
  1432 | D:3      | Reached skill level 4 in Polearms
  1432 | D:3      | Reached XP level 4. HP: 18/31 MP: 3/3
  1587 | D:3      | Found a glowing silver altar of Zin.
  1591 | D:3      | Found a shattered altar of Ashenzari.
  1595 | D:3      | Found a glowing golden altar of the Shining One.
  1595 | D:3      | Found a blossoming altar of Fedhas.
  1633 | D:3      | Became a worshipper of Fedhas Madash
  1998 | D:3      | Reached XP level 5. HP: 15/36 MP: 4/4
  2160 | D:4      | Acquired Fedhas' first power
  2188 | D:4      | Reached skill level 5 in Stealth
  2352 | D:4      | Found Bopatocs' Magical Wand Boutique.
  2362 | D:4      | Bought a wand of flame (12) for 70 gold pieces
  2435 | D:4      | Reached skill level 5 in Polearms
  2444 | D:4      | Reached XP level 6. HP: 10/41 MP: 5/5
  2638 | D:4      | Reached skill level 6 in Stealth
  2676 | D:4      | Found a glowing drain.
  2679 | D:4      | HP: 2/41 [poisoned by a giant mite]
  2689 | Sewer    | Entered a sewer
  2877 | Sewer    | Acquired Fedhas' second power
  2960 | Sewer    | Waterpls: добрый вечер
  3516 | D:4      | Reached XP level 7. HP: 45/45 MP: 6/6
  3751 | D:4      | Reached skill level 7 in Stealth
  3788 | D:4      | HP: 2/45 [poisoned by a scorpion]
  3843 | D:5      | Entered Level 5 of the Dungeon
  3909 | D:5      | Reached skill level 1 in Invocations
  4077 | D:5      | Upgraded the game from 0.13-a0-2281-ge1c0d72 to 0.13-a0-2301-g23820b6
  4351 | D:5      | Noticed Sigmund
  4640 | D:5      | Killed Sigmund
  4722 | D:5      | Reached XP level 8. HP: 19/52 MP: 9/11
  4819 | D:5      | Found a sparkling altar of Nemelex Xobeh.
  4852 | D:5      | Acquired Fedhas' third power
  5041 | D:6      | Noticed Blork the orc
  5048 | D:6      | Killed Blork the orc
  5048 | D:6      | Reached skill level 1 in Slings
  5289 | D:6      | Reached skill level 8 in Stealth
  5328 | D:6      | Noticed Eustachio
  5344 | D:6      | Killed Eustachio
  5394 | D:6      | Found a staircase to the Ecumenical Temple.
  5781 | D:6      | Reached skill level 5 in Invocations
  6042 | D:6      | Noticed Ijyb
  6053 | D:6      | Killed Ijyb
  6146 | D:6      | Reached XP level 9. HP: 53/57 MP: 16/16
  6156 | D:6      | Noticed throttle's ghost (experienced DjFi)
  6181 | D:6      | Killed throttle's ghost
  6466 | D:6      | Reached skill level 9 in Stealth
  7120 | D:7      | Found a staircase to the Orcish Mines.
  7377 | D:7      | Noticed Dowan
  7386 | D:7      | Killed Dowan
  7387 | D:7      | Noticed Duvessa
  7398 | D:7      | Killed Duvessa
  7558 | D:7      | Acquired Fedhas' fourth power
  7953 | D:8      | Noticed Edmund
  8164 | D:8      | Killed Edmund
  8789 | D:8      | Reached XP level 10. HP: 64/64 MP: 17/20
  8806 | D:8      | Found an ancient bone altar of Kikubaaqudgha.
  8842 | D:8      | Reached skill level 10 in Stealth
  9027 | D:9      | Acquired Fedhas' fifth power
  9364 | D:9      | Found a burning altar of Makhleb.
  9476 | D:9      | Noticed Maurice
  9490 | D:9      | Killed Maurice
  9490 | D:9      | Reached skill level 5 in Fighting
  9576 | D:9      | Found a basalt altar of Yredelemnul.
  9579 | D:9      | Found a deep blue altar of Sif Muna.
  9660 | D:9      | Reached skill level 5 in Slings
 10262 | D:9      | Noticed Pikel
 10272 | D:9      | Noticed Grum
 10279 | D:9      | Killed Pikel
 10286 | D:9      | Killed Grum
 10443 | D:10     | Entered Level 10 of the Dungeon
 10443 | D:10     | Noticed a hill giant
 10452 | D:10     | Killed a hill giant
 11275 | D:10     | Reached skill level 11 in Stealth
 11573 | D:10     | Learned a level 2 spell: Swiftness
 11577 | D:10     | Learned a level 3 spell: Call Canine Familiar
 11626 | D:10     | Found Archommi's Magic Scroll Shoppe.
 11641 | D:10     | Bought a scroll of enchant weapon III for 260 gold pieces
 12253 | D:11     | Found a white marble altar of Elyvilon.
 12420 | D:11     | Noticed a hill giant
 12425 | D:11     | Killed a hill giant
 12425 | D:11     | Reached skill level 1 in Charms
 12426 | D:11     | Reached skill level 1 in Spellcasting
 12426 | D:11     | Reached XP level 11. HP: 24/71 MP: 23/23
 12629 | D:11     | Noticed a hill giant
 12638 | D:11     | Killed a hill giant
 12638 | D:11     | Reached skill level 1 in Summonings
 12638 | D:11     | Reached skill level 10 in Invocations
 13115 | D:12     | Found a frozen archway.
 13127 | IceCv    | Entered an ice cave
 13246 | IceCv    | Slain by a polar bear

Action                   |  1- 3 |  4- 6 |  7- 9 | 10-12 || total
-------------------------+-------+-------+-------+-------++-------
Melee: Trident           |    75 |   182 |   312 |   182 ||   751
       Whip              |       |       |       |     7 ||     7
       Sling             |       |       |       |     4 ||     4
 Fire: Sling             |       |       |    90 |   123 ||   213
Invok: Evolution         |       |     4 |     6 |     6 ||    16
       Sunlight          |       |       |     9 |     2 ||    11
       Rain              |       |       |       |     2 ||     2
       Growth            |       |       |       |     1 ||     1
Evoke: Wand              |       |       |     2 |     2 ||     4
       Miscellaneous     |       |       |       |     1 ||     1
  Use: Potion            |     5 |     2 |     7 |     4 ||    18
       Scroll            |       |       |    14 |    11 ||    25
 Stab: Sleeping          |     5 |    21 |    28 |    19 ||    73
       Confused          |       |     2 |     5 |     6 ||    13
       Distracted        |       |       |     3 |     1 ||     4
